 Dungeon Crawl Stone Soup version 0.31.0-32-g396128a36d (webtiles) character file.

Game seed: 14096660375393661198

1633 mbovary the Caller (level 8, -1/48 (54) HPs)
             Began as a Merfolk Summoner on Apr 12, 2024.
             Was a Follower of Sif Muna.
             Slain by a wight
             ... wielding a +3 falchion
              (2 damage)
             ... on level 5 of the Dungeon.
             The game lasted 00:31:52 (7364 turns).

mbovary the Caller (Merfolk Summoner)               Turns: 7364, Time: 00:31:53

HP:   -1/48 (54)    AC:  3    Str: 13    XL:     8   Next: 98%
MP:   0/18          EV: 13    Int: 16    God:    Sif Muna [*.....]
Gold: 330           SH:  0    Dex: 14    Spells: 10/20 levels left

rFire   + . .        r - staff of earth
rCold   . . .        (no shield)
rNeg    . . .        a - +1 robe
rPois   .            (no helmet)
rElec   .            (no cloak)
rCorr   +            (no gloves)
SInv    .            (no boots)
Will    .....        (no amulet)
Stlth   ++           i - ring of Due Proportion {rF+ rCorr Str+4}
HPRegen 0.28/turn    (no ring)
MPRegen 0.16/turn

%: no passive effects
@: about to teleport, heavily drained
A: (nimble swimmer 2), mertail
a: Renounce Religion, Channel Magic


You were on level 5 of the Dungeon.
You worshipped Sif Muna.
Sif Muna was aware of your devotion.
You visited 1 branch of the dungeon, and saw 6 of its levels.

You collected 330 gold pieces.

Inventory:

Hand Weapons
 c - a +3 vampiric spear
Missiles
 f - 77 stones
Armour
 a - a +1 robe (worn)
Magical Staves
 r - a staff of earth (weapon)
Jewellery
 i - the ring of Due Proportion (left hand) {rF+ rCorr Str+4}
   (You acquired it on level 5 of the Dungeon)

   [ring of protection from fire]

   Str+4:     It affects your strength (+4).
   rF+:       It protects you from fire.
   rCorr:     It protects you from acid and corrosion.
Wands
 k - a wand of polymorph (13)
 s - a wand of mindburst (10)
 w - a wand of digging (4)
Scrolls
 e - a scroll of immolation
 g - a scroll of enchant armour
Potions
 b - a potion of magic
 d - a potion of berserk rage
 j - a potion of curing {unknown}
 l - a potion of haste {unknown}
 m - 2 potions of brilliance {unknown}
 n - a potion of cancellation {unknown}
 p - 2 potions of lignification {unknown}
 q - a potion of resistance {unknown}
 u - a potion of ambrosia {unknown}
 v - 2 potions of enlightenment {unknown}
 x - a potion of degeneration {unknown}


   Skills:
 + Level 1.5 Fighting
 + Level 1.2(1.8) Polearms
 + Level 1.1(1.2) Staves
 + Level 4.5 Dodging
 + Level 3.5 Stealth
 + Level 6.9 Spellcasting
 + Level 7.9 Summonings
 + Level 0.4 Fire Magic


You had 10 spell levels left.
You knew the following spells:

 Your Spells              Type           Power      Damage    Failure   Level
a - Summon Small Mammal   Summ           100%       N/A       1%          1
b - Call Imp              Summ           62%        N/A       1%          2
c - Call Canine Familiar  Summ           31%        N/A       1%          3
d - Summon Blazeheart Go  Fire/Summ      18%        N/A       22%         4

Your spell library contained the following spells:

 Spells                   Type           Power      Damage    Failure   Level
 Necrotise                Necr           20%        1d5       13%         1
 Sublimation of Blood     Necr           5%         N/A       19%         2
 Martyr's Knell           Necr/Summ      18%        N/A       24%         4
 Summon Lightning Spire   Summ/Air       18%        N/A       24%         4
 Ozocubu's Armour         Ice            5%         N/A       36%         3
 Vampiric Draining        Necr           5%         2d6       36%         3
 Curse of Agony           Necr           5%         N/A       98%         5
 Metabolic Englaciation   Hex/Ice        2%         N/A       98%         5
 Summon Hydra             Summ           15%        N/A       99%         7
 Sculpt Simulacrum        Ice/Alch       2%         N/A       100%        6


Dungeon Overview and Level Annotations

Branches:
Dungeon (6/15)             Temple (0/1) D:4

Altars:
Makhleb
Sif Muna
Xom


Innate Abilities, Weirdness & Mutations

((You are very nimble when in or above water. (Stealth+, EV+, Speed+++)))
Your lower body shifts to a powerful aquatic tail in water.


Message History

Your magical contamination has completely faded away.
Your cerulean imp hits the wight with a -1 spear.
A burning spray appears from out of your range of vision.
The burning spray hits your cerulean imp.
Your cerulean imp burns!
Your cerulean imp shakes off the sticky flame as it moves.
Casting: Summon Blazeheart Golem (quite dangerous; 22% risk of failure)
Confirm with . or Enter, or press ? or * to list all spells.
A fiery spirit appears, bound in slag iron.
Your cerulean imp hits the wight but does no damage.
Your bat closely misses the wight.
The wight hits you with a +3 falchion!
There is a stone staircase leading up, spattered with blood here.
Your blazeheart golem's core grows cold and it stops moving.
The wight attacks as it pursues you! The wight hits you with a +3 falchion!
You feel drained.
There is a stone staircase leading down, spattered with blood here.
Your cerulean imp disappears in a puff of smoke!
Your bat barely misses the wight.
Your bat hits the wight but does no damage.
The wight barely misses you.
There is a stone staircase leading up, spattered with blood here.
The wight hits you with a +3 falchion!
You feel drained.
You climb upwards.
Your summoned ally is left behind.
Your familiar recovers from its injuries.
There is a stone staircase leading down here.
Casting: Summon Blazeheart Golem (quite dangerous; 22% risk of failure)
Confirm with . or Enter, or press ? or * to list all spells.
A tiny devil pulls itself out of the air.
Your cerulean imp says, "I truckle to your fealty, my grandiloquent and awesome ban!"
The wight hits you with a +3 falchion!
* * * LOW HITPOINT WARNING * * *
You feel drained.
Okay, then.
As you read the scroll of teleportation, it crumbles to dust.
You feel strangely unstable. The wight barely misses you.
Your cerulean imp hits the wight but does no damage.
The wight attacks as it pursues you! The wight hits you with a +3 falchion!
* * * LOW HITPOINT WARNING * * *
You feel drained.
You die...

##........##..##
#..........#[..##########
#..........#............#
#..........#...########..
#..........##### ###
#..........##############
##.......................
#.......z..##########....
#.......@5.# #####
#..........# #..........#
#..........# ##........##
##......## ########


You could see a wight (ally target) and a friendly cerulean imp (summoned).

Vanquished Creatures
  An ogre (D:6)
  A wight (D:6)
  An iguana (D:5)
  2 adders
  2 endoplasms (D:1)
  2 giant cockroaches
  A goblin (D:1)
  A hobgoblin (D:4)
  A jackal (D:5)
  4 ball pythons
  2 bats
  A kobold (D:4)
19 creatures vanquished.

Vanquished Creatures (collateral kills)
  Grinder (D:4)
  A water moccasin (D:6)
  An ice beast (D:5)
  2 ogres (D:5)
  4 scorpions (D:5)
  A wight (D:6)
  3 bombardier beetles
  3 hounds (D:5)
  2 jellies
  2 orc priests
  2 iguanas (D:5)
  An orc wizard (D:6)
  9 adders
  A gnoll (D:2)
  A shadow imp (D:5)
  2 dart slugs
  2 ribbon worms (D:2)
  15 orcs
  2 endoplasms
  5 giant cockroaches
  5 goblins
  6 hobgoblins
  6 jackals
  7 quokkas
  7 ball pythons
  5 bats
  3 frilled lizards
  11 kobolds
  9 rats
119 creatures vanquished.

Vanquished Creatures (others)
  An adder (D:3)
  2 ball pythons (D:3)
  A bat (D:3)
  A hobgoblin (D:3)
  A kobold (D:3)
  A quokka (D:3)
  3 blazeheart cores
10 creatures vanquished.

Grand Total: 148 creatures vanquished

Notes
Turn   | Place    | Note
-------+----------+-------------------------------------------
     0 | D:1      | mbovary the Merfolk Summoner began the quest for the Orb.
     0 | D:1      | Reached XP level 1. HP: 13/13 MP: 3/3
   364 | D:1      | Found a faded altar of an unknown god.
   528 | D:1      | Reached XP level 2. HP: 12/19 MP: 1/5
   566 | D:1      | Learned a level 2 spell: Call Imp
  1134 | D:1      | Reached XP level 3. HP: 24/24 MP: 3/6
  1281 | D:1      | Learned a level 3 spell: Call Canine Familiar
  1772 | D:2      | Reached XP level 4. HP: 19/30 MP: 5/8
  1980 | D:2      | Reached skill level 1 in Polearms
  2557 | D:2      | Reached skill level 5 in Summonings
  3365 | D:3      | Reached XP level 5. HP: 13/36 MP: 3/9
  3498 | D:3      | Found a shimmering altar of Xom.
  4259 | D:4      | Reached XP level 6. HP: 32/42 MP: 7/11
  4640 | D:4      | Noticed Grinder
  4672 | D:4      | Killed Grinder
  4673 | D:4      | Reached skill level 6 in Summonings
  4673 | D:4      | Reached XP level 7. HP: 38/47 MP: 7/14
  4693 | D:4      | Found a shimmering blue altar of Sif Muna.
  4693 | D:4      | Identified the +1 leather armour of the Game of Life {-Tele
                  | +Inv rN+ Dex+2}
  4735 | D:4      | Became a worshipper of Sif Muna the Loreminder
  4826 | D:4      | Found a staircase to the Ecumenical Temple.
  5068 | D:5      | Entered Level 5 of the Dungeon
  5090 | D:5      | Reached skill level 1 in Fighting
  5194 | D:5      | Reached skill level 5 in Spellcasting
  5299 | D:5      | HP: 2/48 [ogre/+0 giant club (21)]
  5318 | D:5      | Reached skill level 7 in Summonings
  5318 | D:5      | Reached XP level 8. HP: 7/54 MP: 6/16
  5776 | D:5      | Identified a scroll of acquirement
  5776 | D:5      | Acquired the ring of Due Proportion {rF+ rCorr Str+4}
  5938 | D:5      | Reached skill level 1 in Staves
  5959 | D:5      | Found a burning altar of Makhleb.
  6053 | D:5      | Learned a level 4 spell: Summon Blazeheart Golem
  7161 | D:6      | Reached * piety under Sif Muna
  7364 | D:5      | HP: 1/49 [wight/+3 falchion (7)]
  7364 | D:5      | Slain by a wight

Illustrated notes

Levels and vault maps discovered:
D:1:      eino_arrival_cavern_d, layout_loops_corners,
          nicolae_ecumenical_lake_church, serial_aquarium,
          aquarium_bridge_square [aquarium_subvault_wall,
          aquarium_subvault_bridge, aquarium_subvault_wall,
          aquarium_subvault_window], aquarium_window_fake,
          aquarium_window_corner, aquarium_view_2b, aquarium_balcony_1b
D:2:      minmay_diamond_boxcup, layout_basic, kennysheep_generic_room_13
D:3:      layout_loops_corners, xom_confusion_cloud
D:4:      layout_basic, nicolae_sif_muna_condensation, temple_hall,
          gup_sewer_entry_glass, uniq_grinder
D:5:      layout_rooms, mainiacjoe_overflow_24_doors, minmay_diced_spiral
D:6:      layout_loops_ring, palyth_stone_intersect

Skill      XL: |  1  2  3  4  5  6  7  8 |
---------------+-------------------------+-----
Polearms       | 1 |  1.2
Spellcasting   | 3 4 5 6 |  6.9
Dodging        | 3 4 |  4.5
Summonings     | 5 6 7 |  7.9
Stealth        | 3 |  3.5
Fighting       | 1 |  1.5
Staves         | 1 |  1.1
Fire Magic     | |  0.4

Action                     |  1- 3 |  4- 6 |  7- 9 || total
---------------------------+-------+-------+-------++-------
  Melee: Unarmed           |     7 |       |       ||     7
         Spear             |    37 |    15 |       ||    52
         Staff             |       |    15 |    37 ||    52
         Punch             |       |       |     1 ||     1
   Cast: Summon Small Mamm |    13 |    17 |    24 ||    54
         Call Imp          |    11 |    24 |    28 ||    63
         Call Canine Famil |     5 |    25 |    20 ||    50
         Summon Blazeheart |       |       |    13 ||    13
    Use: Scroll            |     2 |       |    10 ||    12
         Potion            |       |       |     1 ||     1
   Stab: Distracted        |       |     1 |     1 ||     2
 Armour: Robe              |    44 |    18 |    44 ||   106
  Dodge: Dodged            |    53 |    42 |    52 ||   147
